 Dungeon Crawl Stone Soup version 0.20.1-1-g8b1a95d (webtiles) character file.

33 skyfox997 the Ruffian (level 3, -2/36 HPs)
             Began as a Troll Berserker on July 15, 2017.
             Was a Believer of Trog.
             Slain by a leopard gecko (4 damage)
             ... on level 2 of the Dungeon.
             The game lasted 00:23:05 (1427 turns).

skyfox997 the Ruffian (Troll Berserker)             Turns: 1427, Time: 00:23:06

Health: -2/36      AC:  5    Str: 25    XL:     3   Next: 12%
Magic:  2/2        EV: 10    Int:  4    God:    Trog [**....]
Gold:   34         SH:  0    Dex:  9    Spells: 2/2 levels left

rFire    . . .     SeeInvis .   o - -1 hunting sling (curse)
rCold    . . .     Gourm    +   (no shield)
rNeg     . . .     Faith    .   a - +0 animal skin
rPois    .         Spirit   .   (helmet restricted)
rElec    .         Reflect  .   (no cloak)
rCorr    .         Harm     .   (gloves unavailable)
MR       .....                  (boots unavailable)
Stlth    +.........             (no amulet)
Regen    0.6/turn               (no ring)
MPRegen  0.1/turn               (no ring)

@: lethally poisoned (-2 -> -2)
A: unfitting armour, claws 3, fast metabolism 3, gourmand, regeneration 1,
shaggy fur 1, tough skin 2
a: Berserk, Trog's Hand, Burn Spellbooks, Renounce Religion


You were on level 2 of the Dungeon.
You worshipped Trog.
Trog was pleased with you.
You were not hungry.

You visited 1 branch of the dungeon, and saw 2 of its levels.

You collected 34 gold pieces.

Inventory:

Hand Weapons
 c - a +0 hunting sling
 d - a +0 club
 g - a +0 short sword
 h - a +0 whip
 o - a cursed -1 hunting sling (weapon)
Missiles
 n - 8 bolts
Armour
 a - a +0 animal skin (worn)
 e - a +0 leather armour
 j - a +0 ring mail
 l - a +0 pair of boots
 q - a +0 robe
Scrolls
 m - 2 scrolls of remove curse {unknown}
 p - 2 scrolls of teleportation {unknown}
Potions
 i - a potion of haste {unknown}
 k - a potion of curing {unknown}
Comestibles
 b - a bread ration


   Skills:
 + Level 2.9 Fighting
 + Level 0.1 Maces & Flails
 + Level 2.8 Dodging
 + Level 3.2 Unarmed Combat


You had 2 spell levels left.
You didn't know any spells.

Dungeon Overview and Level Annotations

Branches:
Dungeon (2/15)

Altars:


Innate Abilities, Weirdness & Mutations

You are too large for most types of armour.
You have claws for hands.
Your metabolism is lightning-fast.
You like to eat raw meat.
Your natural rate of healing is unusually fast.
You are covered in fur. (AC +1)
You have very tough skin. (AC +2)


Message History

* * * LOW HITPOINT WARNING * * *
You miss the adder.
You feel sick. The leopard gecko misses you. The adder barely misses you.
The leopard gecko bites you but does no damage.
The adder barely misses you.
You barely miss the adder.
The leopard gecko bites you but does no damage.
The adder bites you but does no damage. The leopard gecko misses you.
The adder misses you.
You closely miss the adder.
You feel sick. The adder bites you.
* * * LOW HITPOINT WARNING * * *
The leopard gecko barely misses you.
You miss the adder. The adder barely misses you.
The leopard gecko bites you but does no damage.
The adder barely misses you. The leopard gecko barely misses you.
You barely miss the adder.
You feel sick. The adder bites you but does no damage.
The leopard gecko bites you.
* * * LOW HITPOINT WARNING * * *
The adder bites you but does no damage. The leopard gecko bites you.
You die...

#.. ###### #.#
..... #.# ###...
#.# #....8 #.#
#.#.8_ #.#
########.#..8
#l####.......:....
#@Sbgw.....(......
######.#..###.####
#.#..# #.# #.#..#
#.# # .....#
#.#### ###.##
#..... #.# ######
#.# # #


You could see a worm, an adder, a leopard gecko, a goblin and a bat.

Vanquished Creatures
  A dart slug (D:1)
  A leopard gecko (D:1)
  3 bats
  A giant cockroach (D:1)
  7 hobgoblins
  4 frilled lizards
  6 goblins (D:1)
  2 kobolds (D:1)
  2 rats
27 creatures vanquished.

Notes
Turn   | Place    | Note
-------+----------+-------------------------------------------
     0 | D:1      | skyfox997 the Troll Berserker began the quest for the Orb.
     0 | D:1      | Reached XP level 1. HP: 22/22 MP: 0/0
   297 | D:1      | Reached XP level 2. HP: 29/29 MP: 1/1
   816 | D:1      | Paralysed by fainting for 12 turns
   833 | D:1      | Paralysed by fainting for 7 turns
   858 | D:1      | Reached ** piety under Trog
   864 | D:1      | Reached XP level 3. HP: 14/36 MP: 2/2
  1348 | D:2      | Found a faded altar of an unknown god.
  1427 | D:2      | Slain by a leopard gecko

Action                   || total
-------------------------++-------
Melee: Club              ||    37
       Unarmed           ||     8
       Hunting sling     ||    50
       Short sword       ||     6
 Fire: Hunting sling     ||    32
  Eat: Bread ration      ||     2
       Royal jelly       ||     1
Armor: Animal skin       ||   130
Dodge: Dodged            ||   177
